 Dungeon Sprint DCSS version 0.26-a0-660-gc07710193c (webtiles) character file.

Game seed: 3403673214593526852

595 sahdkjhfkaj the Martial Artist (level 7, -3/58 HPs)
             Began as a Gnoll Transmuter on Oct 7, 2020.
             Slain by a spatial vortex (6 damage)
             ... in the Dungeon (Sprint III: "The Ten Rune Challenge").
             The game lasted 00:01:25 (818 turns).

sahdkjhfkaj the Martial Artist (Gnoll Transmuter)    Turns: 818, Time: 00:01:26

Health: -3/58      AC:  2    Str: 14    XL:     7   Next: 40%
Magic:  13/18      EV: 17    Int: 16    God:
Gold:   30         SH:  0    Dex: 15    Spells: 15/21 levels left

rFire    . . .     SeeInvis .     - Unarmed
rCold    . . .     Faith    .   (shield currently unavailable)
rNeg     . . .     Spirit   .   a - +0 robe
rPois    .         Reflect  .   (no helmet)
rElec    .         Harm     .   (no cloak)
rCorr    .         Rampage  .   (gloves currently unavailable)
MR       .....     NoTele   +   (no boots)
Stlth    +++.......             (no amulet)
HPRegen  0.19/turn              (no ring)
MPRegen  0.16/turn              (no ring)

@: blade hands (expiring)
A: distributed training, fangs 1, strong nose
a: End Transformation


You were in the Dungeon.
You had blades for hands.
You visited 1 branch You collected 30 gold pieces.

Inventory:

Armour
 a - a +0 robe (worn)
Scrolls
 b - a scroll of immolation {unknown}
 h - a scroll of blinking
 i - a scroll of remove curse {unknown}
 j - a scroll of amnesia {unknown}
 l - 2 scrolls of torment {unknown}
 m - 2 scrolls of identify
 n - a scroll of magic mapping {unknown}
Potions
 c - a potion of curing
 d - a potion of heal wounds
 e - a potion of haste
 f - 2 potions of magic
 g - 2 potions of berserk rage
 k - 3 potions of flight
 o - 5 potions of mutation
 p - 2 potions of might


   Skills:
 + Level 6.1 Fighting
 + Level 5.4 Short Blades
 + Level 5.4 Long Blades
 + Level 5.4 Axes
 + Level 5.4 Maces & Flails
 + Level 5.4 Polearms
 + Level 5.4 Staves
 + Level 5.4 Slings
 + Level 5.4 Bows
 + Level 5.4 Crossbows
 + Level 5.4 Throwing
 + Level 5.4 Armour
 + Level 7.2 Dodging
 + Level 5.4 Stealth
 + Level 5.4 Shields
 + Level 8.6 Unarmed Combat
 + Level 7.5 Spellcasting
 + Level 4.5 Conjurations
 + Level 4.5 Hexes
 + Level 4.5 Summonings
 + Level 4.5 Necromancy
 + Level 4.5 Translocations
 + Level 6.0 Transmutations
 + Level 4.5 Fire Magic
 + Level 4.5 Ice Magic
 + Level 4.5 Air Magic
 + Level 4.5 Earth Magic
 + Level 4.5 Poison Magic
 + Level 6.0 Invocations
 + Level 5.4 Evocations


You had 15 spell levels left.
You knew the following spells:

 Your Spells              Type           Power        Failure   Level
a - Beastly Appendage     Tmut           ####..       16%         1
A - Blade Hands           Tmut           ####......   71%         5

Your spell library contained the following spells:

 Spells                   Type           Power        Failure   Level
 Wereblood                Tmut           ####....     19%         2
 Spider Form              Tmut/Pois      ###.......   30%         3
 Ice Form                 Ice/Tmut       ###.....     54%         4


Dungeon Overview and Level Annotations

Branches:
Dungeon (1/1)

Altars:
Cheibriados
Fedhas
Gozag
Hepliaklqana
Makhleb
Nemelex Xobeh
Okawaru
Qazlal
Trog
Uskayaw
Wu Jian
Xom
Beogh
Jiyva
Lugonu


Innate Abilities, Weirdness & Mutations

Your experience applies equally to all skills.
You have very sharp teeth.
Your uncanny sense of smell can sniff out nearby items.


Message History

Your Invocations skill increases to level 6!
As you open the door, it creaks loudly!
Found five altars.
A spatial vortex comes into view.
Found a box of beasts (3/3).
Found five altars.
There is an open door here.
There is a snail-covered altar of Cheibriados here.
There is a hazy altar of Hepliaklqana here.
The spatial vortex completely misses you.
There is an opulent altar of Gozag here.
You slash the spatial vortex!
The spatial vortex is moderately damaged.
Your transformation is almost over.
The spatial vortex hits you!! Space bends around you.
You slice the spatial vortex!!
The spatial vortex is severely damaged.
The spatial vortex hits you!!
* * * LOW HITPOINT WARNING * * *
Space bends around you.
You die...

#### ##.# ##### ∆∆∆
...#####..# #___# ∆ ∆
....#..#..#∆ #__.#∆ ∆
#...#..#..###+#)###+##∆
##..##'#..#..........#
∆
##..###...'.⌠........#∆
∆ ∆
#..####...#...######'#
∆∆
#..###....#.⌠.#_v#...#
†..##.....#...#_@#...#
...#÷.)...#+###__#...#
.##.#.....# ∆∆#__#...+
.#####....# #__'...# ▓▓
▓▓▓▓▓▓ ▓▓▓▓▓▓▓▓


You could see a spatial vortex.

Vanquished Creatures
  A shadow (D)
  A water elemental (D)
  Crazy Yiuf (D)
  A jelly (D)
  Jessica (D)
  3 humans (D)
  2 oozes (D)
  A rat (D)
11 creatures vanquished.

Vanquished Creatures (others)
  2 plants (D)
2 creatures vanquished.

Grand Total: 13 creatures vanquished

Notes
Turn   | Place    | Note
-------+----------+-------------------------------------------
     0 | D        | sahdkjhfkaj the Gnoll Transmuter began the quest for the
                  | Orb.
     0 | D        | Reached XP level 1. HP: 17/17 MP: 6/6
    11 | D        | Reached skill level 5 in Spellcasting
    11 | D        | Reached skill level 1 in Invocations
    15 | D        | Reached skill level 1 in Short Blades
    15 | D        | Reached skill level 1 in Long Blades
    15 | D        | Reached skill level 1 in Axes
    15 | D        | Reached skill level 1 in Maces & Flails
    15 | D        | Reached skill level 1 in Polearms
    15 | D        | Reached skill level 1 in Staves
    15 | D        | Reached skill level 1 in Slings
    15 | D        | Reached skill level 1 in Bows
    15 | D        | Reached skill level 1 in Crossbows
    15 | D        | Reached skill level 1 in Throwing
    15 | D        | Reached skill level 1 in Armour
    15 | D        | Reached skill level 1 in Stealth
    15 | D        | Reached skill level 1 in Shields
    15 | D        | Reached skill level 1 in Conjurations
    15 | D        | Reached skill level 1 in Hexes
    15 | D        | Reached skill level 1 in Summonings
    15 | D        | Reached skill level 1 in Necromancy
    15 | D        | Reached skill level 1 in Translocations
    15 | D        | Reached skill level 1 in Fire Magic
    15 | D        | Reached skill level 1 in Ice Magic
    15 | D        | Reached skill level 1 in Air Magic
    15 | D        | Reached skill level 1 in Earth Magic
    15 | D        | Reached skill level 1 in Poison Magic
    15 | D        | Reached skill level 1 in Evocations
    15 | D        | Reached XP level 2. HP: 17/23 MP: 8/8
   110 | D        | Noticed Jessica
   127 | D        | Killed Jessica
   127 | D        | Reached skill level 5 in Dodging
   127 | D        | Reached XP level 3. HP: 7/29 MP: 9/9
   390 | D        | Reached skill level 7 in Unarmed Combat
   546 | D        | Noticed Crazy Yiuf
   553 | D        | Killed Crazy Yiuf
   553 | D        | Reached XP level 4. HP: 32/37 MP: 9/11
   591 | D        | Noticed a water elemental
   599 | D        | Killed a water elemental
   599 | D        | Reached XP level 5. HP: 31/42 MP: 10/13
   678 | D        | Learned a level 5 spell: Blade Hands
   685 | D        | Found a hide-covered altar of Uskayaw.
   685 | D        | Found a roughly hewn altar of Beogh.
   685 | D        | Found an iron altar of Okawaru.
   685 | D        | Found a bloodstained altar of Trog.
   685 | D        | Found an ornate altar of the Wu Jian Council.
   685 | D        | Noticed a human
   690 | D        | Noticed a human
   691 | D        | Killed a human
   691 | D        | Reached skill level 5 in Fighting
   691 | D        | Reached skill level 5 in Transmutations
   691 | D        | Reached XP level 6. HP: 51/51 MP: 8/15
   694 | D        | Killed a human
   694 | D        | Reached skill level 5 in Short Blades
   694 | D        | Reached skill level 5 in Long Blades
   694 | D        | Reached skill level 5 in Axes
   694 | D        | Reached skill level 5 in Maces & Flails
   694 | D        | Reached skill level 5 in Polearms
   694 | D        | Reached skill level 5 in Staves
   694 | D        | Reached skill level 5 in Slings
   694 | D        | Reached skill level 5 in Bows
   694 | D        | Reached skill level 5 in Crossbows
   694 | D        | Reached skill level 5 in Throwing
   694 | D        | Reached skill level 5 in Armour
   694 | D        | Reached skill level 5 in Stealth
   694 | D        | Reached skill level 5 in Shields
   694 | D        | Reached skill level 8 in Unarmed Combat
   694 | D        | Reached skill level 5 in Invocations
   694 | D        | Reached skill level 5 in Evocations
   804 | D        | Noticed a shadow
   806 | D        | Killed a shadow
   806 | D        | Reached XP level 7. HP: 58/58 MP: 11/17
   812 | D        | Found a blossoming altar of Fedhas.
   812 | D        | Found a stormy altar of Qazlal.
   812 | D        | Found a snail-covered altar of Cheibriados.
   812 | D        | Found a burning altar of Makhleb.
   812 | D        | Found a shimmering altar of Xom.
   813 | D        | Found a hazy altar of Hepliaklqana.
   813 | D        | Found an opulent altar of Gozag.
   813 | D        | Found a sparkling altar of Nemelex Xobeh.
   813 | D        | Found a corrupted altar of Lugonu.
   813 | D        | Found a viscous altar of Jiyva.
   813 | D        | Noticed a spatial vortex
   818 | D        | Slain by a spatial vortex

Illustrated notes

Levels and vault maps discovered:
D:        dungeon_sprint_mu [sprint_mu_entry_cave, sprint_mu_temple_rooms,
          sprint_mu_d1_spiders, sprint_mu_d2_genie, sprint_mu_d3_branching,
          sprint_mu_orc_legion, sprint_mu_elf_gauntlet, sprint_mu_hive_nellie,
          sprint_mu_lair_fedhas, sprint_mu_vaults_butterflies,
          sprint_mu_slime_circle, sprint_mu_swamp_cave, sprint_mu_shoals_archi,
          sprint_mu_blade_basic, sprint_mu_crypt_lich, sprint_mu_tomb_spiral,
          sprint_mu_vestibule_basic, sprint_mu_gehenna_hellfire,
          sprint_mu_dis_giant, sprint_mu_tartarus_statrot,
          sprint_mu_cocytus_islands, sprint_mu_zot1]

Skill      XL: |  1  2  3  4  5  6  7 |
---------------+----------------------+-----
Spellcasting   | 5 6 7 |  7.5
Invocations    | 1 2 3 4 5 6 |  6.0
Short Blades   | 1 2 3 4 5 |  5.4
Long Blades    | 1 2 3 4 5 |  5.4
Axes           | 1 2 3 4 5 |  5.4
Maces & Flails | 1 2 3 4 5 |  5.4
Polearms       | 1 2 3 4 5 |  5.4
Staves         | 1 2 3 4 5 |  5.4
Slings         | 1 2 3 4 5 |  5.4
Bows           | 1 2 3 4 5 |  5.4
Crossbows      | 1 2 3 4 5 |  5.4
Throwing       | 1 2 3 4 5 |  5.4
Armour         | 1 2 3 4 5 |  5.4
Stealth        | 1 2 3 4 5 |  5.4
Shields        | 1 2 3 4 5 |  5.4
Conjurations   | 1 2 3 4 |  4.5
Hexes          | 1 2 3 4 |  4.5
Summonings     | 1 2 3 4 |  4.5
Necromancy     | 1 2 3 4 |  4.5
Translocations | 1 2 3 4 |  4.5
Fire Magic     | 1 2 3 4 |  4.5
Ice Magic      | 1 2 3 4 |  4.5
Air Magic      | 1 2 3 4 |  4.5
Earth Magic    | 1 2 3 4 |  4.5
Poison Magic   | 1 2 3 4 |  4.5
Evocations     | 1 2 3 4 5 |  5.4
Fighting       | 3 4 5 6 |  6.1
Dodging        | 5 6 7 |  7.2
Transmutations | 4 5 6 |  6.0
Unarmed Combat | 7 8 |  8.6

Action                   |  1- 3 |  4- 6 |  7- 9 || total
-------------------------+-------+-------+-------++-------
Melee: Unarmed           |    30 |    12 |     3 ||    45
       Headbutt          |     7 |     1 |       ||     8
       Kick              |     3 |     1 |       ||     4
       Punch             |     1 |     2 |       ||     3
       Bite              |       |     1 |       ||     1
 Cast: Beastly Appendage |     4 |     1 |       ||     5
       Blade Hands       |       |     2 |       ||     2
 Stab: Sleeping          |     1 |     1 |       ||     2
Armor: Robe              |     2 |       |       ||     2
Dodge: Dodged            |    11 |     6 |     1 ||    18

Table legend: (Time is in decaauts)
 A = Elapsed time spent in this place.
 B = Non-inter-level travel time spent in this place.
 C = Inter-level travel time spent in this place.
 D = Time resting spent in this place.
 E = Time spent auto-exploring this place.
 F = Levels seen in this place.
 G = Mean time per level.
                   A        B        C        D        E       F      G
               +--------+--------+--------+--------+--------+-----+--------+
         Total |    822 |    822 |      0 |    197 |    489 |   1 |  822.0 |
       Dungeon |    822 |    822 |      0 |    197 |    489 |   1 |  822.0 |
               +--------+--------+--------+--------+--------+-----+--------+

Top non-repeatable levels by time:
       D: 822 daAuts
